 Dungeon Crawl Stone Soup version 0.31-a0-986-g5e6e4ef867 (webtiles) character file.

Game seed: 15322415107073016757

5 CowFu the Grasshopper (level 1, -5/20 HPs)
             Began as a Gnoll Warper on Nov 13, 2023.
             Slain by a gnoll
             ... wielding a +0 whip
              (6 damage)
             ... on level 1 of the Dungeon.
             The game lasted 00:00:18 (257 turns).

CowFu the Grasshopper (Gnoll Warper)                 Turns: 257, Time: 00:00:19

Health: -5/20      AC:  3    Str: 10    XL:     1   Next: 80%
Magic:  6/6        EV: 12    Int: 12    God:
Gold:   26         SH:  0    Dex: 11    Spells: 9/9 levels left

rFire   . . .        a - +0 spear
rCold   . . .        (no shield)
rNeg    . . .        b - +0 leather armour
rPois   .            (helmet currently unavailable)
rElec   .            (cloak currently unavailable)
rCorr   .            (gloves currently unavailable)
SInv    .            (boots currently unavailable)
Will    .....        (no amulet)
Stlth   +            (no ring)
HPRegen 0.23/turn    (no ring)
MPRegen 0.10/turn

%: no passive effects
@: beast-form
A: beast (slay +0), fangs 1, strong nose, distributed training
a: Begin Untransformation


You were on level 1 of the Dungeon.
You were a hulking beast.
You visited 1 branch of the dungeon, and saw 1 of its levels.

You collected 26 gold pieces.

Inventory:

Hand Weapons
 a - a +0 spear (weapon)
Missiles
 d - 7 darts of dispersal (quivered)
 h - a throwing net
Armour
 b - a +0 leather armour (worn)
Talismans
 e - a beast talisman (active)
Scrolls
 c - a scroll of blinking
 f - a scroll of enchant weapon {unknown}
Potions
 g - a potion of curing {unknown}


   Skills:
 + Level 4.4 Fighting
 + Level 0.1 Short Blades
 + Level 0.1 Long Blades
 + Level 0.1 Axes
 + Level 0.1 Maces & Flails
 + Level 4.4 Polearms
 + Level 0.1 Staves
 + Level 0.1 Ranged Weapons
 + Level 2.4 Throwing
 + Level 2.4 Armour
 + Level 4.4 Dodging
 + Level 0.1 Stealth
 + Level 0.1 Shields
 + Level 0.1 Unarmed Combat
 + Level 4.9 Spellcasting
 + Level 0.1 Conjurations
 + Level 0.1 Hexes
 + Level 0.1 Summonings
 + Level 0.1 Necromancy
 + Level 5.3 Translocations
 + Level 0.1 Transmutations
 + Level 0.1 Fire Magic
 + Level 0.1 Ice Magic
 + Level 0.1 Air Magic
 + Level 0.1 Earth Magic
 + Level 0.1 Poison Magic
 + Level 0.2 Invocations
 + Level 0.1 Evocations
 + Level 0.1 Shapeshifting


You had 9 spell levels left.
You didn't know any spells.
Your spell library contained the following spells:

 Spells                   Type           Power      Damage    Failure   Level
 Blink                    Tloc           30%        N/A       4%          2
 Lesser Beckoning         Tloc           30%        N/A       4%          2
 Teleport Other           Tloc           15%        N/A       9%          3
 Manifold Assault         Tloc           15%        N/A       30%         4
 Vhi's Electric Charge    Tloc/Air       18%        N/A       65%         4


Dungeon Overview and Level Annotations

Branches:
Dungeon (1/15)

Altars:


Innate Abilities, Weirdness & Mutations

You are a hulking beast.
Your limbs bulge with bestial killing power. (Slay +0)
You have very sharp teeth.
Your uncanny sense of smell can sniff out nearby items.
Your experience applies equally to all skills.


Message History

g - a pink potion No target in view!
h - a throwing net A gnoll comes into view.
It is wielding a +0 whip.
The gnoll shouts!
You hear a shout!
Found an escape hatch in the floor.
A gnoll is nearby!
A gnoll is nearby!
You hit the gnoll.
The gnoll is heavily wounded.
The gnoll hits you with a +0 whip.
A gnoll is nearby!
A gnoll is nearby!
You closely miss the gnoll.
The gnoll is heavily wounded.
The gnoll hits you with a +0 whip.
A giant cockroach comes into view.
You hit the gnoll but do no damage.
The gnoll is heavily wounded.
The gnoll hits you with a +0 whip!
* * * LOW HITPOINT WARNING * * *
There are monsters nearby!
You are too injured to fight recklessly!
There are monsters nearby!
You are too injured to fight recklessly!
There are monsters nearby!
You are too injured to fight recklessly!
You hit the gnoll.
The gnoll is heavily wounded.
The gnoll hits you with a +0 whip.
* * * LOW HITPOINT WARNING * * *
You hit the gnoll. You bite the gnoll, but do no damage.
The gnoll is severely wounded.
You hit the gnoll. You bite the gnoll, but do no damage.
The gnoll is almost dead.
The gnoll closely misses you.
You barely miss the gnoll.
The gnoll is almost dead.
The gnoll hits you with a +0 whip.
You die...

# #. #.# ##
#.######.>.
#.###.hg.B....
#.#.######...
#.## #.# #.#
#.#####.##.#
#.......##.#
#.########.#
#.###### #.#


You could see a gnoll and a giant cockroach.

Vanquished Creatures
  2 endoplasms (D:1)
  A hobgoblin (D:1)
  A frilled lizard (D:1)
  A rat (D:1)
5 creatures vanquished.

Notes
Turn   | Place    | Note
-------+----------+-------------------------------------------
     0 | D:1      | CowFu the Gnoll Warper began the quest for the Orb.
     0 | D:1      | Reached XP level 1. HP: 20/20 MP: 6/6
   254 | D:1      | HP: 1/20 [gnoll/+0 whip (5)]
   257 | D:1      | Slain by a gnoll

Illustrated notes

Levels and vault maps discovered:
D:1:      dpeg_arrival_boxes_within_box, layout_loops_ring

Action                     || total
---------------------------++-------
  Melee: Spear             ||    19
         Bite              ||     4
   Stab: Sleeping          ||     1
 Armour: Leather armour    ||     7
  Dodge: Dodged            ||     1
   Form: Beast             ||     1

Table legend: (Time is in decaauts)
 A = Elapsed time spent in this place.
 B = Non-inter-level travel time spent in this place.
 C = Inter-level travel time spent in this place.
 D = Time resting spent in this place.
 E = Time spent auto-exploring this place.
 F = Levels seen in this place.
 G = Mean time per level.
                   A        B        C        D        E       F      G
               +--------+--------+--------+--------+--------+-----+--------+
         Total |    254 |    254 |      0 |      0 |    201 |   1 |  254.0 |
       Dungeon |    254 |    254 |      0 |      0 |    201 |   1 |  254.0 |
               +--------+--------+--------+--------+--------+-----+--------+

Top non-repeatable levels by time:
     D:1: 254 daAuts
